 Dungeon Crawl Stone Soup version 0.24.0-35-gdb84b6a5db (webtiles) character file.

Game seed: 12810109581095960311, levelgen mode: deterministic

1311 Iamsoldier the Charmwright (level 8, -8/64 HPs)
             Began as a Gnoll Skald on Nov 20, 2019.
             Was a Follower of Ashenzari.
             Mangled by an orc warrior
             ... wielding a +0 battleaxe of draining
              (11 damage)
             ... on level 6 of the Dungeon.
             The game lasted 00:27:17 (7631 turns).

Iamsoldier the Charmwright (Gnoll Skald)            Turns: 7631, Time: 00:27:18

Health: -8/64      AC: 13    Str: 16    XL:     8   Next: 58%
Magic:  0/17       EV: 15    Int: 17    God:    Ashenzari [*.....]
Gold:   107        SH:  0    Dex: 20    Spells: 10/19 levels left

rFire    . . .     SeeInvis .   a - +0 spear
rCold    . . .     Gourm    .   (no shield)
rNeg     + . .     Faith    .   C - +3 leather armour {rN+} (curse)
rPois    .         Spirit   +   (helmet restricted)
rElec    .         Reflect  .   j - scarf {Spirit}
rCorr    .         Harm     .   q - +1 pair of gloves {Dex+3} (curse)
MR       .....     Rnd*Rage +   (no boots)
Stlth    ++........             (no amulet)
HPRegen  0.20/turn              l - +3 ring of protection (curse)
MPRegen  0.15/turn              f - +2 ring of strength (curse)

@: very slightly contaminated, drained
A: distributed training, fangs 1, horns 1, iridescent scales 1, agile 1, berserk
1, strong nose
a: Curse Item, Scrying, Renounce Religion


You were on level 6 of the Dungeon.
You worshipped Ashenzari.
Ashenzari was aware of your devotion.
You were hungry.

You visited 2 branches of the dungeon, and saw 7 of its levels.
You also visited: Sewer.

You collected 167 gold pieces.
You spent 60 gold pieces at shops.

Inventory:

Hand Weapons
 a - a +0 spear (weapon)
 b - a +5 short sword of freezing
 G - a +1 dagger of electrocution
Missiles
 n - 2 throwing nets (quivered)
Armour
 g - a +0 leather armour
 j - a scarf of spirit shield (worn)
 q - a cursed +1 pair of gloves of dexterity (worn)
 C - a cursed +3 leather armour of positive energy (worn)
Jewellery
 f - a cursed +2 ring of strength (right hand)
 i - an uncursed ring of ice
 l - a cursed +3 ring of protection (left hand)
 y - an uncursed ring of magical power
 F - an uncursed ring of protection from cold
 H - an uncursed ring of resist corrosion
Wands
 v - a wand of disintegration (10)
 D - a wand of flame (24)
Scrolls
 e - a scroll of fog
 h - 8 scrolls of identify
 k - 3 scrolls of remove curse
 o - a scroll of immolation
 p - a scroll of random uselessness {unknown}
 s - a scroll of enchant armour
 t - a scroll of noise {unknown}
 w - 2 scrolls of teleportation
 x - a scroll of blinking {unknown}
 E - a scroll of amnesia {unknown}
Potions
 c - 2 potions of brilliance
 m - a potion of lignification {unknown}
 r - a potion of invisibility {unknown}
 u - a potion of degeneration {unknown}
 z - a potion of haste {unknown}
 B - 2 potions of heal wounds {unknown}
Comestibles
 d - 14 rations


   Skills:
 + Level 5.7(4.9) Fighting
 + Level 3.3(2.5) Short Blades
 + Level 3.3(2.5) Long Blades
 + Level 3.3(2.5) Axes
 + Level 3.3(2.5) Maces & Flails
 + Level 5.7(4.9) Polearms
 + Level 3.3(2.5) Staves
 + Level 3.3(2.5) Slings
 + Level 3.3(2.5) Bows
 + Level 3.3(2.5) Crossbows
 + Level 3.3(2.5) Throwing
 + Level 4.2(3.5) Armour
 + Level 5.7(4.9) Dodging
 + Level 3.3(2.5) Stealth
 + Level 3.3(2.5) Shields
 + Level 3.3(2.5) Unarmed Combat
 + Level 6.1(5.2) Spellcasting
 + Level 2.7(1.9) Conjurations
 + Level 2.7(1.9) Hexes
 + Level 6.1(5.3) Charms
 + Level 2.7(1.9) Summonings
 + Level 2.7(1.9) Necromancy
 + Level 2.7(1.9) Translocations
 + Level 2.7(1.9) Transmutations
 + Level 2.7(1.9) Fire Magic
 + Level 2.7(1.9) Ice Magic
 + Level 2.7(1.9) Air Magic
 + Level 2.7(1.9) Earth Magic
 + Level 2.7(1.9) Poison Magic
 + Level 3.6(2.9) Invocations
 + Level 3.3(2.5) Evocations


You had 10 spell levels left.
You knew the following spells:

 Your Spells              Type           Power        Failure   Level  Hunger
a - Infusion              Chrm           ###.         1%          1    None
b - Regeneration          Chrm/Necr      ###.......   11%         3    ###....
c - Spectral Weapon       Hex/Chrm       ###.....     11%         3    ###....
d - Shroud of Golubria    Chrm/Tloc      ###...       5%          2    #......

Your spell library contained the following spells:

 Spells                   Type           Power        Failure   Level  Hunger
 Song of Slaying          Chrm           ###.....     2%          2    #......
 Confusing Touch          Hex            ##....       8%          1    None
 Confuse                  Hex            ##......     22%         3    ###....
 Gell's Gravitas          Tloc           ##........   22%         3    ###....
 Petrify                  Tmut/Erth      ##......     58%         4    ####...
 Metabolic Englaciation   Hex/Ice        ##........   90%         5    ######.
 Yara's Violent Unravell  Hex/Tmut       ##........   90%         5    ######.


Dungeon Overview and Level Annotations

Branches:
Dungeon (6/15)             Temple (1/1) D:5           Sewer (visited)

Altars:
Ashenzari
Cheibriados
Dithmenos
Elyvilon
Fedhas
Gozag
Hepliaklqana
Kikubaaqudgha
Makhleb
Nemelex Xobeh
Okawaru
Qazlal
Ru
Sif Muna
Trog
Uskayaw
Vehumet
Wu Jian
Xom
Yredelemnul
Zin
The Shining One

Shops:
D:4 ?%[*

Annotations:
D:4 3 runed translucent doors, 1 exclusion, Flugslaktarn's ghost, amateur MiFi


Innate Abilities, Weirdness & Mutations

Your experience applies equally to all skills.
You have very sharp teeth.
Your uncanny sense of smell can sniff out nearby items.
You have a pair of small horns on your head.
You are partially covered in iridescent scales. (AC +2)
You are agile. (Dex +2)
You tend to lose your temper in combat.


Message History

* * * LOW HITPOINT WARNING * * *
You partially resist.
You feel drained.
* * * LOW HITPOINT WARNING * * *
The orc warrior hits your spectral weapon with a +0 battleaxe of draining!
Your spectral weapon shares its damage with you!
* * * LOW HITPOINT WARNING * * *
The orc warrior hits your spectral weapon with a +0 battleaxe of draining!!
Your spectral weapon shares its damage with you!
Your spectral weapon fades away.
As you read the scroll labeled BUOPTE AMEUSO, it crumbles to dust.
The scroll dissolves into smoke.
It was a scroll of fog.
The orc warrior barely misses you.
As you read the scroll labeled VOFUCU HIXTUNWE, it crumbles to dust.
The creatures around you are filled with an inner flame!
It was a scroll of immolation.
As you read the scroll labeled REH KUCIRIAJAEKH, it crumbles to dust.
It is a scroll of enchant armour.
Your cursed +2 leather armour of positive energy glows green for a moment.
The orc warrior hits you with a +0 battleaxe of draining!
You die...

..# ..# ..# ..# ..#
###
####################
..........##..§§@§§#
..........##..§§o§§#
∆
..........##..§§§§§#
...................#
∆
...........#.......#
...........#.<))(..#
...........#.....>.#
...........#.......#
...........#.......#


You could see an orc warrior (inner flame).

Vanquished Creatures
  An ogre (D:4)
  A centaur (D:5)
  2 scorpions
  2 howler monkeys
  4 wights (D:6)
  A centaur zombie (D:6)
  2 hounds (D:6)
  2 orc priests
  Terence (D:2)
  3 orc wizards
  Natasha (thrice) (D:2)
  9 worker ants
  A howler monkey zombie (D:5)
  9 adders
  6 oozes
  An adder zombie (D:5)
  An adder skeleton (D:5)
  7 worms
  3 dart slugs
  6 leopard geckos
  14 orcs
  5 ball pythons
  11 bats
  8 giant cockroaches
  4 goblins
  7 hobgoblins
  9 jackals
  4 quokkas
  4 frilled lizards
  A jackal skeleton (D:5)
  8 kobolds
  3 leopard gecko skeletons
  A quokka skeleton (D:4)
  6 rats
150 creatures vanquished.

Vanquished Creatures (others)
  5 spectral weapons
5 creatures vanquished.

Grand Total: 155 creatures vanquished

Notes
Turn   | Place    | Note
-------+----------+-------------------------------------------
     0 | D:1      | Iamsoldier the Gnoll Skald began the quest for the Orb.
     0 | D:1      | Reached XP level 1. HP: 20/20 MP: 6/6
   119 | D:1      | Reached XP level 2. HP: 26/26 MP: 2/7
   429 | D:1      | Reached XP level 3. HP: 28/31 MP: 9/9
   453 | D:1      | Reached skill level 5 in Spellcasting
   458 | D:1      | Learned a level 3 spell: Regeneration
   462 | D:1      | Learned a level 3 spell: Spectral Weapon
   465 | D:1      | Learned a level 2 spell: Shroud of Golubria
  1180 | D:2      | Reached skill level 1 in Invocations
  1398 | D:2      | Noticed Natasha
  1400 | D:2      | Reached skill level 1 in Short Blades
  1400 | D:2      | Reached skill level 1 in Long Blades
  1400 | D:2      | Reached skill level 1 in Axes
  1400 | D:2      | Reached skill level 1 in Maces & Flails
  1400 | D:2      | Reached skill level 1 in Staves
  1400 | D:2      | Reached skill level 1 in Slings
  1400 | D:2      | Reached skill level 1 in Bows
  1400 | D:2      | Reached skill level 1 in Crossbows
  1400 | D:2      | Reached skill level 1 in Throwing
  1400 | D:2      | Reached skill level 1 in Stealth
  1400 | D:2      | Reached skill level 1 in Shields
  1400 | D:2      | Reached skill level 1 in Unarmed Combat
  1400 | D:2      | Reached skill level 1 in Evocations
  1421 | D:2      | Killed Natasha
  1421 | D:2      | Reached XP level 4. HP: 29/38 MP: 0/11
  1422 | D:2      | Noticed Natasha
  1429 | D:2      | Killed Natasha
  1429 | D:2      | Reached skill level 1 in Conjurations
  1429 | D:2      | Reached skill level 1 in Hexes
  1429 | D:2      | Reached skill level 1 in Summonings
  1429 | D:2      | Reached skill level 1 in Necromancy
  1429 | D:2      | Reached skill level 1 in Translocations
  1429 | D:2      | Reached skill level 1 in Transmutations
  1429 | D:2      | Reached skill level 1 in Fire Magic
  1429 | D:2      | Reached skill level 1 in Ice Magic
  1429 | D:2      | Reached skill level 1 in Air Magic
  1429 | D:2      | Reached skill level 1 in Earth Magic
  1429 | D:2      | Reached skill level 1 in Poison Magic
  1739 | D:2      | Noticed Natasha
  1779 | D:2      | Killed Natasha
  1779 | D:2      | Reached XP level 5. HP: 19/43 MP: 9/12
  2005 | D:2      | Noticed Terence
  2021 | D:2      | Killed Terence
  2654 | D:3      | Found a shattered altar of Ashenzari.
  2662 | D:3      | Became a worshipper of Ashenzari the Shackled
  3723 | D:4      | Found a bloodstained altar of Trog.
  3779 | D:4      | Reached XP level 6. HP: 40/50 MP: 7/13
  4019 | D:4      | Noticed Flugslaktarn's ghost (amateur MiFi)
  4185 | D:4      | Found a runed translucent gate.
  4185 | D:4      | Found a runed translucent gate.
  4191 | D:4      | Found a runed translucent gate.
  4198 | D:4      | Found Juenonetiu's Food Emporium.
  4213 | D:4      | Reached skill level 5 in Fighting
  4213 | D:4      | Reached skill level 5 in Polearms
  4213 | D:4      | Reached skill level 5 in Dodging
  4281 | D:4      | HP: 2/51 [poisoned by a worker ant]
  4288 | D:4      | HP: 1/51 [poisoned by a worker ant]
  4296 | D:4      | HP: 1/51 [poisoned by a worker ant]
  4298 | D:4      | Gained mutation: You have a pair of small horns on your
                  | head. [potion of mutation]
  4298 | D:4      | Gained mutation: You are agile. (Dex +2) [potion of
                  | mutation]
  4298 | D:4      | Gained mutation: You tend to lose your temper in combat.
                  | [potion of mutation]
  4298 | D:4      | Gained mutation: You are partially covered in iridescent
                  | scales. (AC +2) [potion of mutation]
  4637 | D:4      | Found Yniniyso's Magic Scroll Shop.
  4645 | D:4      | Bought a scroll of remove curse for 30 gold pieces
  4645 | D:4      | Bought a scroll of remove curse for 30 gold pieces
  4663 | D:4      | Noticed a black bear
  4793 | D:4      | Found Ulebliuq's General Store.
  4857 | D:4      | Reached XP level 7. HP: 56/56 MP: 9/15
  5048 | D:4      | Found Qyoli's Armour Boutique.
  5185 | D:5      | Entered Level 5 of the Dungeon
  5408 | D:5      | Found a glowing drain.
  5422 | Sewer    | Entered a sewer
  6279 | D:5      | Reached * piety under Ashenzari
  6415 | D:5      | Found a staircase to the Ecumenical Temple.
  6437 | Temple   | Entered the Ecumenical Temple
  7045 | D:6      | Reached XP level 8. HP: 57/63 MP: 11/16
  7622 | D:6      | HP: 1/64 [orc warrior/+0 battleaxe of draining (5)]
  7631 | D:6      | Mangled by an orc warrior

Levels and vault maps discovered:
D:1:      shiori_shiawase, layout_loops_ring, hangedman_decor_push
D:2:      layout_loops_ring, uniq_terence, uniq_natasha
D:3:      layout_loops_corners, ashenzari_altar_1, first_ration, serial_forest,
          infiniplex_forest_clump_C, infiniplex_forest_lined_ring,
          infiniplex_forest_lined_1, infiniplex_forest_join,
          infiniplex_forest_lined_3, infiniplex_forest_zigzag_2,
          infiniplex_forest_clump_large, infiniplex_forest_lined_room_3
D:4:      black_bear_nest_1, layout_loops_ring, serial_shops,
          nicolae_shop_trees, nicolae_shop_stone, shop, shop,
          gammafunk_ghost_split, trog_hazing_becter
D:5:      minmay_skewed_foursquare, layout_basic, minmay_temple_entry_crystal_x,
          gup_sewer_entry_bubbles, kennysheep_generic_room_6
D:6:      layout_basic
Temple:   roderic_octagonal_lattice_temple

Skill      XL: |  1  2  3  4  5  6  7  8 |
---------------+-------------------------+-----
Spellcasting   | 5 6 |  6.1
Invocations    | 1 2 3 |  3.6
Short Blades   | 1 2 3 |  3.3
Long Blades    | 1 2 3 |  3.3
Axes           | 1 2 3 |  3.3
Maces & Flails | 1 2 3 |  3.3
Staves         | 1 2 3 |  3.3
Slings         | 1 2 3 |  3.3
Bows           | 1 2 3 |  3.3
Crossbows      | 1 2 3 |  3.3
Throwing       | 1 2 3 |  3.3
Stealth        | 1 2 3 |  3.3
Shields        | 1 2 3 |  3.3
Unarmed Combat | 1 2 3 |  3.3
Evocations     | 1 2 3 |  3.3
Conjurations   | 1 2 |  2.7
Hexes          | 1 2 |  2.7
Summonings     | 1 2 |  2.7
Necromancy     | 1 2 |  2.7
Translocations | 1 2 |  2.7
Transmutations | 1 2 |  2.7
Fire Magic     | 1 2 |  2.7
Ice Magic      | 1 2 |  2.7
Air Magic      | 1 2 |  2.7
Earth Magic    | 1 2 |  2.7
Poison Magic   | 1 2 |  2.7
Armour         | 3 4 |  4.2
Fighting       | 5 |  5.7
Polearms       | 5 |  5.7
Dodging        | 5 |  5.7
Charms         | 6 |  6.1

Action                   |  1- 3 |  4- 6 |  7- 9 || total
-------------------------+-------+-------+-------++-------
Melee: Spear             |    83 |   209 |   286 ||   578
       Bite              |     6 |    18 |    31 ||    55
       Unarmed           |       |     3 |       ||     3
       Punch             |       |     1 |     4 ||     5
       Headbutt          |       |     2 |    68 ||    70
 Cast: Infusion          |     8 |     2 |     1 ||    11
       Spectral Weapon   |     2 |    14 |    28 ||    44
       Shroud of Golubri |       |       |     5 ||     5
       Regeneration      |       |       |     2 ||     2
Invok: Curse Item        |       |     1 |     3 ||     4
  Use: Potion            |       |     5 |     1 ||     6
       Scroll            |       |     2 |     5 ||     7
 Stab: Sleeping          |       |     4 |     5 ||     9
       Distracted        |       |     3 |     2 ||     5
  Eat: Chunk             |     1 |     8 |     9 ||    18
       Ration            |       |     1 |     1 ||     2
Armor: Leather armour    |    11 |    32 |    61 ||   104
       Skin              |       |     1 |       ||     1
Dodge: Dodged            |    46 |   100 |   132 ||   278
